Map: Catalyst LE

Players

ImKorean - Winner!

  • Race: Protoss Protoss
  • League: Bronze
  • Spawn Location: 11:00

JohnnyGlass

  • Race: Zerg Zerg
  • League: Silver
  • Spawn Location: 5:00

VOD

Have the link to the VOD?

Description

DARK TEMPLAR!!!!

Time

  • Played on: April 6, 2018, 11:18 p.m.
  • Length: 8:16
Show
View Real Time Build Order
Export as new Build Order

ImKorean Protoss - Winner!

Build Orders: 1 Gate Expand, Gas First Rax into Mech, Dark Templar Rush 

Get SALT Encoding   

  12  0:01  Probe  
  13  0:13  Probe  
  14  0:25  Probe, Pylon  
  15  0:44  Probe (Chrono Boost)  
  15  0:45  Gateway  
  15  0:49  Assimilator  
  16  0:54  Probe (Chrono Boost)  
  17  0:59  Probe (Chrono Boost)  
  18  1:10  Probe  
  19  1:22  Probe  
  20  1:29  Nexus  
  20  1:40  Cybernetics Core  
  20  1:41  Probe  
  21  1:51  Assimilator  
  21  1:55  Probe  
  22  2:02  Pylon  
  22  2:07  Probe  
  23  2:18  Warp Gate  
  23  2:20  Adept (Chrono Boost)  
  25  2:29  Probe  
  26  2:34  Twilight Council  
  26  2:38  Stalker (Chrono Boost)  
  26  2:42  Probe  
  26  2:43  Probe  
  30  3:04  Probe x2  
  27  3:05  Resonating Glaives (Chrono Boost)  
  32  3:08  Adept  
  34  3:13  Gateway  
  34  3:16  Probe x2  
  36  3:28  Probe x2  
  36  3:30  Pylon  
  38  3:36  Assimilator  
  38  3:38  Assimilator  
  38  3:42  Probe  
  38  3:43  Probe  
  40  3:50  Gateway  
  40  3:54  Gateway  
  42  4:00  Probe  
  42  4:01  Probe  
  42  4:11  Pylon  
  42  4:13  Probe x2  
  44  4:22  Adept  
  44  4:23  Adept  
  48  4:25  Probe x2  
  48  4:28  Shield Battery  
  50  4:31  Charge (Chrono Boost)  
  50  4:37  Probe  
  50  4:38  Probe  
  52  4:50  Probe x2  
  52  4:52  Pylon  
  54  4:53  Adept x4  
  62  5:02  Robotics Facility  
  62  5:14  Forge, Sentry  
  64  5:22  Dark Shrine  
  56  5:41  Adept x2  
  56  5:42  Adept x2  
  64  6:05  Zealot  
  64  6:06  Zealot x3  
  64  6:10  Pylon x2  
  68  6:11  Protoss Ground Weapons Level 1 (Chrono Boost)  
  68  6:21  Gateway  
  68  6:24  Gateway, Pylon  
  68  6:27  Immortal  
  68  6:29  Nexus  
  72  6:39  Dark Templar x2  
  76  6:40  Dark Templar x2  
  76  6:57  Warp Prism  
  76  6:59  Probe x2  
  78  7:05  Pylon  
  78  7:07  Pylon  
  80  7:11  Probe x2  
  82  7:24  Photon Cannon  
  82  7:25  Gateway  
  82  7:26  Gateway  
  82  7:27  Photon Cannon  
  82  7:31  Photon Cannon  
  82  7:32  Shield Battery  
  82  7:33  Probe x2  
  84  7:39  Templar Archives  
  84  7:40  Sentry  
  84  7:41  Sentry  
  84  7:42  Sentry  
  90  7:45  Sentry  
  92  8:06  Archon  
Show
View Real Time Build Order
Export as new Build Order

JohnnyGlass Zerg 

Build Orders: Hatch First 

Get SALT Encoding   

  12  0:04  Drone  
  13  0:18  Drone  
  14  0:43  Hatchery  
  13  0:52  Drone  
  14  1:01  Spawning Pool  
  14  1:02  Extractor  
  12  1:29  Drone x2  
  14  1:51  Overlord  
  14  1:54  Queen  
  16  2:12  Zergling x8  
  16  2:13  Zergling x2  
  21  2:24  Drone x2  
  23  2:40  Drone x3  
  26  2:55  Drone x2  
  26  3:08  Drone  
  27  3:13  Extractor  
  26  3:21  Baneling Nest, Drone x2  
  27  3:40  Hatchery  
  26  3:42  Overlord  
  26  3:44  Overlord  
  26  3:49  Metabolic Boost  
  26  4:02  Drone  
  27  4:03  Drone  
  27  4:08  Baneling x6  
  28  4:12  Overlord  
  28  4:14  Drone x2  
  30  4:25  Drone x2  
  32  4:35  Drone x4  
  36  5:02  Extractor  
  36  5:03  Drone x5  
  40  5:10  Lair  
  36  5:40  Zergling x12  
  36  5:41  Zergling x6  
  33  5:52  Zergling x6  
  23  6:06  Drone x3  
  21  6:31  Drone x2  
  21  6:32  Drone x4  
  17  6:56  Centrifical Hooks  
  18  7:01  Drone x2  
  18  7:02  Drone x2  
  21  7:15  Overseer  
  23  7:44  Spore Crawler  
Tags
 
Add a new tag
Caveats
  • Supply blocks, unpowered buildings, or Contaminate may cause inaccurate times.
  • Supply counts are checked every 10 seconds.